 Dungeon Sprint DCSS version 0.22-a0-322-g60b3cfd (webtiles) character file.

298 emperorscorpion the Arsonist (level 6, 0/33 HPs)
             Began as a Deep Elf Fire Elementalist on Apr 5, 2018.
             Was a Believer of Sif Muna.
             Slain by a big kobold (6 damage)
             ... in the Dungeon (Sprint IX: "|||||||||||||||||||||||||||||").
             The game lasted 00:02:43 (374 turns).

emperorscorpion the Arsonist (DEFE)                  Turns: 374, Time: 00:02:44

Health: 0/33       AC:  7    Str:  5    XL:     6   Next: 13%
Magic:  2/19       EV: 15    Int: 21    God:    Sif Muna [**....]
Gold:   0          SH:  0    Dex: 16    Spells: 8/21 levels left

rFire    . . .     SeeInvis .   a - +4 quarterstaff (speed)
rCold    . . .     Gourm    .   (shield currently unavailable)
rNeg     . . .     Faith    .   n - +0 robe
rPois    .         Spirit   .   (no helmet)
rElec    .         Reflect  .   o - +0 cloak
rCorr    .         Harm     .   (no gloves)
MR       .....     NoTele   +   (no boots)
Stlth    +++.......             (no amulet)
HPRegen  0.11/turn              q - +2 ring of protection
MPRegen  0.16/turn              r - +2 ring of protection

@: no status effects
A: no striking features
a: Divine Energy, Renounce Religion


You were in the Dungeon.
You worshipped Sif Muna.
Sif Muna was pleased with you.
You were not hungry.

You visited 1 branch

Inventory:

Hand Weapons
 a - a +4 quarterstaff of speed (weapon)
Armour
 n - a +0 robe (worn)
 o - a +0 cloak (worn)
 p - a +1 chain mail
Magical Staves
 b - an uncursed staff of energy
Jewellery
 q - a +2 ring of protection (left hand)
 r - a +2 ring of protection (right hand)
Wands
 l - a wand of iceblast (10)
Scrolls
 i - 2 scrolls of blinking
 j - 3 scrolls of remove curse
 k - 2 scrolls of amnesia
Potions
 d - 5 potions of curing
 e - 3 potions of heal wounds
 f - a potion of haste
 g - 4 potions of magic
 h - a potion of invisibility
Comestibles
 c - a ration


   Skills:
 + Level 0.4 Fighting
 + Level 5.4 Dodging
 + Level 5.5 Stealth
 - Level 0.2 Unarmed Combat
 + Level 8.0 Spellcasting
 + Level 4.3 Conjurations
 + Level 9.7 Fire Magic
 * Level 3.5 Invocations
 + Level 1.2 Evocations


You had 8 spell levels left.
You knew the following spells:

 Your Spells              Type           Power        Failure   Level  Hunger
a - Flame Tongue          Conj/Fire      #####        1%          1    None
b - Conjure Flame         Conj/Fire      #####...     1%          3    None
c - Sticky Flame          Conj/Fire      #####...     4%          4    ###....
d - Fireball              Conj/Fire      #####.....   12%         5    #####..


Dungeon Overview and Level Annotations

Branches:
Dungeon (1/1)

Altars:
Cheibriados
Dithmenos
Elyvilon
Fedhas
Gozag
Hepliaklqana
Kikubaaqudgha
Makhleb
Nemelex Xobeh
Okawaru
Qazlal
Ru
Sif Muna
Trog
Uskayaw
Vehumet
Wu Jian
Xom
Yredelemnul
Zin
The Shining One
Beogh
Jiyva
Lugonu


Message History

You barely miss the big kobold.
The big kobold is almost dead.
The big kobold hits you.
You closely miss the big kobold.
The big kobold is almost dead.
You closely miss the big kobold.
The big kobold is almost dead.
You feel sick.
You are no longer poisoned.
The big kobold hits you.
* * * LOW HITPOINT WARNING * * *
Casting: Fireball (slightly dangerous; 12% risk of failure)
Confirm with . or Enter, or press ? or * to list all spells.
Aiming: Flame Tongue (safe; 1% risk of failure)
Press: ? - help, Shift-Dir - straight line, f - big kobold
Aim: a big kobold (severely wounded)
The flame tongue hits the big kobold.
The big kobold appears unharmed.
The big kobold is severely wounded.
The big kobold hits you.
You die... ▓▓▓▓▓▓▓▓▓▓▓▓▓▓▓▓▓▓▓▓▓▓▓▓▓ ________'...).[.@K'...... ▓▓▓▓▓▓▓▓▓▓▓▓▓▓▓▓▓▓▓▓▓▓▓▓▓

You could see a big kobold.

Vanquished Creatures
  A sky beast (D)
  An ogre (D)
  A hound (D)
  2 iguanas (D)
  A worker ant (D)
  An adder (D)
  A worm (D)
  A goblin (D)
  A hobgoblin (D)
  A jackal (D)
  A bat (D)
  A frilled lizard (D)
  A jackal zombie (D)
  A rat (D)
15 creatures vanquished.

Notes
Turn   | Place    | Note
-------+----------+-------------------------------------------
     0 | D        | emperorscorpion the Deep Elf Fire Elementalist began the quest for the Orb.
     0 | D        | Reached XP level 1. HP: 10/10 MP: 6/6
     7 | D        | Reached skill level 4 in Fire Magic
    88 | D        | Noticed an iguana
    88 | D        | Noticed an iguana
    95 | D        | Reached XP level 2. HP: 15/15 MP: 4/8
   105 | D        | Reached skill level 5 in Fire Magic
   105 | D        | Reached XP level 3. HP: 19/19 MP: 0/11
   116 | D        | Reached skill level 5 in Spellcasting
   116 | D        | Reached skill level 6 in Fire Magic
   130 | D        | Found a roughly hewn altar of Beogh.
   130 | D        | Found a snail-covered altar of Cheibriados.
   130 | D        | Found a shadowy altar of Dithmenos.
   130 | D        | Found a white marble altar of Elyvilon.
   130 | D        | Found a blossoming altar of Fedhas.
   130 | D        | Found an opulent altar of Gozag.
   131 | D        | Found a hazy altar of Hepliaklqana.
   132 | D        | Found a viscous altar of Jiyva.
   133 | D        | Found an ancient bone altar of Kikubaaqudgha.
   134 | D        | Found a corrupted altar of Lugonu.
   135 | D        | Found a burning altar of Makhleb.
   136 | D        | Found a sparkling altar of Nemelex Xobeh.
   137 | D        | Found an iron altar of Okawaru.
   138 | D        | Found a stormy altar of Qazlal.
   139 | D        | Found a sacrificial altar of Ru.
   140 | D        | Found a deep blue altar of Sif Muna.
   141 | D        | Found a bloodstained altar of Trog.
   142 | D        | Found a hide-covered altar of Uskayaw.
   143 | D        | Found a radiant altar of Vehumet.
   144 | D        | Found an ornate altar of the Wu Jian Council.
   145 | D        | Found a shimmering altar of Xom.
   146 | D        | Found a basalt altar of Yredelemnul.
   147 | D        | Found a glowing silver altar of Zin.
   148 | D        | Found a glowing golden altar of the Shining One.
   152 | D        | Became a worshipper of Sif Muna the Loreminder
   193 | D        | Learned a level 3 spell: Conjure Flame
   314 | D        | Noticed a sky beast
   314 | D        | Noticed an ogre
   314 | D        | Noticed a big kobold
   319 | D        | Killed a sky beast
   319 | D        | Reached * piety under Sif Muna
   319 | D        | Reached skill level 8 in Fire Magic
   319 | D        | Reached XP level 4. HP: 24/24 MP: 4/14
   319 | D        | Reached XP level 5. HP: 28/28 MP: 4/16
   327 | D        | Learned a level 4 spell: Sticky Flame
   333 | D        | Learned a level 5 spell: Fireball
   353 | D        | Reached skill level 5 in Dodging
   353 | D        | Reached skill level 5 in Stealth
   353 | D        | Reached skill level 9 in Fire Magic
   353 | D        | Reached skill level 1 in Invocations
   355 | D        | Killed an ogre
   355 | D        | Reached ** piety under Sif Muna
   355 | D        | Reached skill level 1 in Evocations
   355 | D        | Reached XP level 6. HP: 26/33 MP: 0/19
   374 | D        | Slain by a big kobold

Vault maps used:
D:        linesprint

Skill      XL: |  1  2  3  4  5 |
---------------+----------------+-----
Fire Magic     | 4 5 8 9 |  9.7
Stealth        | 3 4 5 |  5.5
Spellcasting   | 4 6 8 |  8.0
Dodging        | 3 4 5 |  5.4
Conjurations   | 3 4 |  4.3
Invocations    | 3 |  3.5
Evocations     | 1 |  1.2
Fighting       | |  0.4
Unarmed Combat | |  0.2

Action                   |  1- 3 |  4- 6 || total
-------------------------+-------+-------++-------
Melee: Unarmed           |    14 |       ||    14
       Quarterstaff      |       |    16 ||    16
 Cast: Flame Tongue      |    18 |     5 ||    23
       Conjure Flame     |     1 |       ||     1
       Fireball          |       |     2 ||     2
       Sticky Flame      |       |     1 ||     1
Evoke: Staff of energy   |       |     4 ||     4
  Use: Potion            |     1 |       ||     1
Armor: Robe              |     4 |     2 ||     6
Dodge: Dodged            |     8 |    10 ||    18

Table legend:
 A = Spawn XP
 B = Non-spawn XP
 C = Spawn XP percentage of total XP
 D = Spawn monster count
 E = Non-spawn monster count
 F = Spawn count percentage of total count
 G = Total turns spent on level
                    A         B        C        D         E        F      G
               +---------+---------+-------+---------+---------+-------+---------
         Total |       0 |     427 |   0.0 |       0 |      15 |   0.0 |   374
               +---------+---------+-------+---------+---------+-------+---------
             D |       0 |     427 |   0.0 |       0 |      15 |   0.0 |   374
               +---------+---------+-------+---------+---------+-------+---------
